Wolfpack vs Penguins
(R1)
Created - June 9, 2023 at 19:01
Goals
|
| Wolfpack |
0 |
2 |
1 |
0 |
3 |
| Penguins |
0 |
1 |
2 |
1 |
4 |
|
Shots
|
| Wolfpack |
6 |
19 |
12 |
1 |
38 |
| Penguins |
8 |
5 |
10 |
3 |
26 |
|
1st period
No Goal
Penalties :
Seth Griffith (Har) for Roughing (Minor) at 15:50, Seth Griffith (Har) for Roughing (Minor) at 18:51
2nd period
1. Wolfpack , David Pope 2 (Sebastian Collberg 2, Seth Griffith 4) at 7:41 (PP)
2. Wolfpack , Jake Marchment 1 (Linus Sandin 1, Derrick Pouliot 1) at 14:49
3. Penguins , Matthew Tkachuk 2 (Andy Andreoff 2, Evan Rodrigues 5) at 17:28 (PP)
Penalties :
Andrew O'Brien (Wil) for Hooking (Minor) at 7:36, Connor Chatam (Har) for Goalie Interference (Minor) at 9:50, Samuel Blais (Har) for Roughing (Minor) at 17:18
3rd period
4. Penguins , Brett Kulak 1 (Victor Olofsson 2, Iven Barbashev 2) at 1:17 (PP)
5. Wolfpack , Jake Marchment 2 (Steven Santini 1, Samuel Blais 2) at 11:21
6. Penguins , Juuso Ikonen 1 (Max Gortz 1) at 15:29
Penalties :
Samuel Blais (Har) for Holding (Minor) at 0:40, Seth Griffith (Har) for Hooking (Minor) at 1:57, Sam Kurker (Wil) for Hooking (Minor) at 4:44, Evan Rodrigues (Wil) for Tripping (Minor) at 12:43, Seth Griffith (Har) for Tripping (Minor) at 13:01, Matthew Tkachuk (Wil) for Diving (Minor) at 19:59
Overtime #1
7. Penguins , Andy Andreoff 3 (John Marino 2, Evan Rodrigues 6) at 8:06
Penalties :
No Penalty
Goalie Stats
Mike Condon (Har), 22 saves from 26 shots - (0.846), OTL, 0-0-2, 68:06 minutes
Jeremy Swayman (Wil), 35 saves from 38 shots - (0.921), W, 2-0-0, 68:06 minutes
Players Stats for Wolfpack
Player Name G A P +/- PIM S H SB GA TA FO MP PP MP PK MP
------------------------------------------------------------------------------------
Alexander Barabanov 0 0 0 1 0 1 1 0 0 0 0/0 9:33 0:00 0:00
Casey Mittelstadt 0 0 0 0 0 0 3 1 0 0 8/14 17:48 1:54 1:51
Colton White 0 0 0 1 0 0 0 1 0 1 0/0 12:25 0:00 0:00
Connor Chatam 0 0 0 0 2 6 2 0 0 1 3/6 20:15 1:54 3:02
David Pope 1 0 1 -1 0 3 1 1 4 0 1/2 26:46 2:27 5:09
Derrick Pouliot 0 1 1 0 0 3 4 1 0 2 0/0 26:54 2:01 6:08
Dryden Hunt 0 0 0 0 0 1 2 0 0 0 0/1 14:54 0:00 2:01
Jake Marchment 2 0 2 1 0 2 0 1 0 0 1/2 8:44 0:00 0:00
Joshua Jacobs 0 0 0 1 0 1 1 0 0 2 0/0 12:25 0:00 0:00
Linus Sandin 0 1 1 1 0 0 1 0 0 0 0/1 8:44 0:00 0:00
Mikhail Sergachev 0 0 0 -1 0 1 0 0 0 0 0/0 28:47 2:20 2:53
Nolan Patrick 0 0 0 0 0 5 2 0 1 0 6/11 14:57 0:00 2:48
Owen Tippet 0 0 0 0 0 0 0 1 0 0 0/0 11:18 0:00 0:00
Samuel Blais 0 1 1 0 4 5 4 1 0 0 1/1 17:34 1:54 1:39
Sebastian Collberg 0 1 1 -1 0 4 1 0 0 1 1/2 20:10 2:27 0:00
Seth Griffith 0 1 1 -1 8 3 3 0 2 1 16/36 22:46 2:26 1:32
Steven Santini 0 1 1 0 0 2 1 1 1 0 0/0 26:54 2:01 6:08
Vince Dunn 0 0 0 -1 0 1 0 1 3 1 0/0 28:47 2:20 2:53
Players Stats for Penguins
Player Name G A P +/- PIM S H SB GA TA FO MP PP MP PK MP
------------------------------------------------------------------------------------
Adam Brooks 0 0 0 0 0 1 3 0 0 0 8/13 18:27 4:09 0:45
Andrew O'Brien 0 0 0 2 2 1 0 2 0 3 0/0 34:29 4:55 2:10
Andy Andreoff 1 1 2 -1 0 4 3 0 2 1 2/3 26:51 4:50 2:31
Brett Kulak 1 0 1 0 0 1 1 1 0 1 0/0 31:16 4:55 2:10
Danny Biega 0 0 0 -1 0 0 2 2 0 0 0/0 26:23 4:06 2:11
Denis Malgin 0 0 0 0 0 2 4 1 0 0 3/3 8:33 0:00 0:00
Eetu Luostarinen 0 0 0 0 0 0 3 0 0 0 3/7 14:37 0:00 0:47
Evan Rodrigues 0 2 2 0 2 2 1 0 0 0 16/39 24:56 4:52 2:18
Gavin Bayreuther 0 0 0 -2 0 1 1 1 2 4 0/0 24:06 4:06 2:11
Iven Barbashev 0 1 1 0 0 3 4 1 0 0 1/3 21:14 4:09 1:53
Jeff Malott 0 0 0 0 0 0 1 0 0 0 0/0 8:10 0:00 0:00
John Marino 0 1 1 2 0 0 1 0 0 1 0/0 15:20 0:00 0:00
Juuso Ikonen 1 0 1 0 0 5 1 0 0 0 0/0 13:46 0:02 0:28
Matthew Finn 0 0 0 0 0 0 0 0 0 0 0/0 2:14 0:00 0:00
Matthew Tkachuk 1 0 1 0 2 3 4 0 3 0 2/4 22:44 4:50 0:00
Max Gortz 0 1 1 0 0 0 2 0 1 0 2/2 14:30 0:02 0:00
Sam Kurker 0 0 0 0 2 0 1 0 1 0 0/0 9:05 0:00 0:00
Victor Olofsson 0 1 1 0 0 3 1 0 0 1 2/2 17:42 4:09 0:00
3 Stars
1 - Jake Marchment (Har)
2 - Andy Andreoff (Wil)
3 - Brett Kulak (Wil)
Power Play
Wolfpack - 1 on 5 Attempt(s) - 20.00%
Penguins - 2 on 6 Attempt(s) - 33.33%
Penalty Kill
Wolfpack - 4 on 6 Attempt(s) - 66.67%
- Score 0 goal in Penalty Kill
Penguins - 4 on 5 Attempt(s) - 80.00%
- Score 0 goal in Penalty Kill
Team Stat
Wolfpack - Hits : 26 - Faceoff Wins : 37 - Blocked Shots : 9 - Penalty Minutes : 14
Penguins - Hits : 33 - Faceoff Wins : 39 - Blocked Shots : 8 - Penalty Minutes : 8
Official
Referees : Chris Lee and Gord Dwyer
Linesman : Bevan Mills and Bryan Pancich
Game Notes
Matthew Finn is injured at 7:45 of 1st period (Bruised Right Foot)
19:42 of 3rd period - Penalty Shot by Iven Barbashev for Penguins - Stopped by Mike Condon
Finance
Level 1 -- Attendance: 2000 (100.00%) -- Ticket Income $70,000
Level 2 -- Attendance: 1000 (100.00%) -- Ticket Income $15,000
Total Attendance: 3000 (100.00%)
Total Ticket Income: $85,000
Other Income: $4,250
Total Income: $89,250
Wolfpack
5 vs 5 Forward
Center Left Wing Right Wing Time % Phy DF OF
1 Seth Griffith David Pope Sebastian Collberg 40 1 2 2
2 Casey Mittelstadt Samuel Blais Connor Chatam 30 1 2 2
3 Nolan Patrick Dryden Hunt Owen Tippet 20 1 2 2
4 Jake Marchment Alexander Barabanov Linus Sandin 10 1 2 2
5 vs 5 Defense
Defense Defense Time % Phy DF OF
1 Vince Dunn Mikhail Sergachev 40 1 2 2
2 Derrick Pouliot Steven Santini 30 1 2 2
3 Colton White Joshua Jacobs 20 1 2 2
4 Derrick Pouliot Steven Santini 10 1 2 2
PowerPlay Forward
Center Left Wing Right Wing Time % Phy DF OF
1 Seth Griffith David Pope Sebastian Collberg 60 1 2 2
2 Casey Mittelstadt Samuel Blais Connor Chatam 40 1 2 2
PowerPlay Defense
Defense Defense Time % Phy DF OF
1 Vince Dunn Mikhail Sergachev 60 1 2 2
2 Derrick Pouliot Steven Santini 40 1 2 2
Penalty Kill 4 Players Forward
Center Wing Time % Phy DF OF
1 Seth Griffith David Pope 60 1 2 2
2 Casey Mittelstadt Samuel Blais 40 1 2 2
Penalty Kill 4 Players Defense
Defense Defense Time % Phy DF OF
1 Derrick Pouliot Steven Santini 60 1 2 2
2 Vince Dunn Mikhail Sergachev 40 1 2 2
Penalty Kill - 3 Players Forward
Forward Time % Phy DF OF
1 Seth Griffith 60 1 2 2
2 Casey Mittelstadt 40 1 2 2
Penalty Kill - 3 Players Defense
Defense Defense Time % Phy DF OF
1 Derrick Pouliot Steven Santini 60 1 2 2
2 Vince Dunn Mikhail Sergachev 40 1 2 2
4 vs 4 Forward
Center Wing Time % Phy DF OF
1 Seth Griffith David Pope 60 1 2 2
2 Casey Mittelstadt Samuel Blais 40 1 2 2
4 vs 4 Defense
Defense Defense Time % Phy DF OF
1 Derrick Pouliot Steven Santini 60 1 2 2
2 Vince Dunn Mikhail Sergachev 40 1 2 2
Last Minutes Offensive
Center Left Wing Right Wing Defense Defense
Seth Griffith David Pope Sebastian Collberg Derrick Pouliot Steven Santini
Last Minutes Defensive
Center Left Wing Right Wing Defense Defense
Seth Griffith David Pope Sebastian Collberg Derrick Pouliot Steven Santini
Goaltenders
Starting : Mike Condon
Backup : Ivan Fedotov
Extra Forwards
Normal : Connor Chatam, Dryden Hunt, Alexander Barabanov - PP : Connor Chatam, Dryden Hunt - PK : Connor Chatam
Extra Defensemen
Normal : Mikhail Sergachev, Colton White, Joshua Jacobs - PP : Mikhail Sergachev - PK : Mikhail Sergachev, Colton White
Penalty Shots
David Pope, Seth Griffith, Samuel Blais, Sebastian Collberg, Connor Chatam
Scratches
Ryan Poehling (Healthy), Mason Shaw (Healthy), Jacob Middleton (Healthy), Joel Kiviranta (Healthy), Dylan Samberg (Healthy)
Cale Fleury (Healthy), Mikhail Vorobyev (Healthy), Ryan Culkin (Left Foot Injury), Will Borgen (Healthy), Alex Barre-Boulet (Healthy)
Andrew Peeke (Healthy), Dante Fabbro (Healthy), Jeffrey Viel (Healthy), Yegor Korshkov (Healthy), Alexander Volkov (Healthy)
Harru Sateri (Healthy), Jake Paterson (Healthy)
Penguins
5 vs 5 Forward
Center Left Wing Right Wing Time % Phy DF OF
1 Evan Rodrigues Andy Andreoff Matthew Tkachuk 40 1 2 2
2 Adam Brooks Iven Barbashev Victor Olofsson 30 1 2 2
3 Eetu Luostarinen Juuso Ikonen Max Gortz 20 1 2 2
4 Denis Malgin Jeff Malott Sam Kurker 10 1 2 2
5 vs 5 Defense
Defense Defense Time % Phy DF OF
1 Andrew O'Brien Brett Kulak 40 1 2 2
2 Gavin Bayreuther Danny Biega 30 1 2 2
3 John Marino Matthew Finn 20 1 2 2
4 Andrew O'Brien Brett Kulak 10 1 2 2
PowerPlay Forward
Center Left Wing Right Wing Time % Phy DF OF
1 Evan Rodrigues Andy Andreoff Matthew Tkachuk 60 1 2 2
2 Adam Brooks Iven Barbashev Victor Olofsson 40 1 2 2
PowerPlay Defense
Defense Defense Time % Phy DF OF
1 Andrew O'Brien Brett Kulak 60 1 2 2
2 Gavin Bayreuther Danny Biega 40 1 2 2
Penalty Kill 4 Players Forward
Center Wing Time % Phy DF OF
1 Evan Rodrigues Andy Andreoff 60 1 2 2
2 Adam Brooks Iven Barbashev 40 1 2 2
Penalty Kill 4 Players Defense
Defense Defense Time % Phy DF OF
1 Andrew O'Brien Brett Kulak 60 1 2 2
2 Gavin Bayreuther Danny Biega 40 1 2 2
Penalty Kill - 3 Players Forward
Forward Time % Phy DF OF
1 Evan Rodrigues 60 1 2 2
2 Adam Brooks 40 1 2 2
Penalty Kill - 3 Players Defense
Defense Defense Time % Phy DF OF
1 Andrew O'Brien Brett Kulak 60 1 2 2
2 Gavin Bayreuther Danny Biega 40 1 2 2
4 vs 4 Forward
Center Wing Time % Phy DF OF
1 Evan Rodrigues Andy Andreoff 60 1 2 2
2 Adam Brooks Iven Barbashev 40 1 2 2
4 vs 4 Defense
Defense Defense Time % Phy DF OF
1 Andrew O'Brien Brett Kulak 60 1 2 2
2 Gavin Bayreuther Danny Biega 40 1 2 2
Last Minutes Offensive
Center Left Wing Right Wing Defense Defense
Evan Rodrigues Andy Andreoff Matthew Tkachuk Andrew O'Brien Brett Kulak
Last Minutes Defensive
Center Left Wing Right Wing Defense Defense
Evan Rodrigues Andy Andreoff Matthew Tkachuk Andrew O'Brien Brett Kulak
Goaltenders
Starting : Jeremy Swayman
Backup : Anthony Stolarz
Extra Forwards
Normal : Iven Barbashev, Max Gortz, Sam Kurker - PP : Iven Barbashev, Max Gortz - PK : Iven Barbashev
Extra Defensemen
Normal : Danny Biega, John Marino, Matthew Finn - PP : Danny Biega - PK : Danny Biega, John Marino
Penalty Shots
Andy Andreoff, Matthew Tkachuk, Victor Olofsson, Evan Rodrigues, Iven Barbashev
Scratches
Jesper Boqvist (Healthy), Brett Pollock (Healthy), Curtis Hamilton (Healthy), Dakota Mermis (Healthy), Josh Ho-Sang (Healthy)
Austin Strand (Healthy), Raphael Bussieres (Healthy), Steven Spinner (Healthy), German Rubtsov (Healthy), Cal Petersen (Healthy)
% Time on Ice - Wolfpack
Lines # - Real PCT - Wanted PCT - Time Play
Normal Forward
1 - 36% - 40% - 18:58
2 - 26% - 30% - 14:03
3 - 21% - 20% - 11:18
4 - 16% - 10% - 8:44
Normal Defense
1 - 42% - 40% - 22:04
2 - 30% - 30% - 16:07
3 - 23% - 20% - 12:25
4 - 5% - 10% - 2:27
PP Forward
1 - 56% - 60% - 2:27
2 - 44% - 40% - 1:54
PP Defense
1 - 54% - 60% - 2:20
2 - 46% - 40% - 2:01
PK Forward
1 - 79% - 60% - 7:10
2 - 21% - 40% - 1:51
PK Defense
1 - 68% - 60% - 6:08
2 - 32% - 40% - 2:53
PK3 Forward
1 - 0% - 60%
2 - 0% - 40%
PK3 Defense
1 - 0% - 60%
2 - 0% - 40%
44 Forward
1 - 100% - 60% - 1:41
2 - 0% - 40% - 0:00
44 Defense
1 - 62% - 60% - 1:03
2 - 38% - 40% - 0:38
Last Minute Offensive - 0:00
Last Minute Defensive - 0:00
Total
Forward - 68:06
Defense - 68:06
|
% Time on Ice - Penguins
Lines # - Real PCT - Wanted PCT - Time Play
Normal Forward
1 - 34% - 40% - 18:15
2 - 26% - 30% - 13:33
3 - 25% - 20% - 13:05
4 - 15% - 10% - 8:10
Normal Defense
1 - 34% - 40% - 17:51
2 - 29% - 30% - 15:25
3 - 34% - 20% - 18:08
4 - 3% - 10% - 1:39
PP Forward
1 - 54% - 60% - 4:52
2 - 46% - 40% - 4:09
PP Defense
1 - 55% - 60% - 4:55
2 - 45% - 40% - 4:06
PK Forward
1 - 83% - 60% - 3:36
2 - 17% - 40% - 0:45
PK Defense
1 - 50% - 60% - 2:10
2 - 50% - 40% - 2:11
PK3 Forward
1 - 0% - 60%
2 - 0% - 40%
PK3 Defense
1 - 0% - 60%
2 - 0% - 40%
44 Forward
1 - 100% - 60% - 1:41
2 - 0% - 40% - 0:00
44 Defense
1 - 67% - 60% - 1:08
2 - 33% - 40% - 0:33
Last Minute Offensive - 0:00
Last Minute Defensive - 0:00
Total
Forward - 68:06
Defense - 68:06
|
Play-by-Play
1st period
0:01 of 1st period - Seth Griffith wins face-off versus Evan Rodrigues in neutral zone.
0:12 of 1st period - Wrist shot by David Pope.
0:12 of 1st period - Shot Misses the Net.
0:26 of 1st period - Iven Barbashev is hit by Samuel Blais.
0:52 of 1st period - Eetu Luostarinen is hit by Dryden Hunt and loses puck.
1:42 of 1st period - Icing by Colton White.
1:43 of 1st period - Adam Brooks wins face-off versus Seth Griffith in Wolfpack zone.
1:54 of 1st period - Snap shot by Adam Brooks.
1:54 of 1st period - Stopped by Mike Condon without a rebound.
1:55 of 1st period - Casey Mittelstadt wins face-off versus Evan Rodrigues in Wolfpack zone.
2:08 of 1st period - Slapshot by Samuel Blais.
2:08 of 1st period - Deflect By Connor Chatam.
2:08 of 1st period - Stopped by Jeremy Swayman with a rebound.
3:12 of 1st period - Jake Marchment is hit by Denis Malgin and loses puck.
3:29 of 1st period - Wrist shot by Matthew Tkachuk.
3:29 of 1st period - Shot Misses the Net.
3:31 of 1st period - Wrist shot by Andy Andreoff.
3:31 of 1st period - Shot Misses the Net.
3:33 of 1st period - Snap shot by Evan Rodrigues.
3:33 of 1st period - Stopped by Mike Condon without a rebound.
3:34 of 1st period - Seth Griffith wins face-off versus Evan Rodrigues in Wolfpack zone.
5:26 of 1st period - Joshua Jacobs is hit by Iven Barbashev and loses puck.
5:51 of 1st period - Mikhail Sergachev is hit by Juuso Ikonen and loses puck.
6:04 of 1st period - Andrew O'Brien is hit by Seth Griffith and loses puck.
6:13 of 1st period - Mikhail Sergachev is hit by Denis Malgin and loses puck.
6:26 of 1st period - Derrick Pouliot is hit by Matthew Tkachuk and loses puck.
7:44 of 1st period - Matthew Finn is hit by Linus Sandin and loses puck.
7:45 of 1st period - Matthew Finn from Penguins is injured at 7:45 of 1st period (Bruised Right Foot).
7:46 of 1st period - Evan Rodrigues wins face-off versus Seth Griffith in Penguins zone.
8:12 of 1st period - Brett Kulak is hit by Samuel Blais and loses puck.
8:23 of 1st period - Slapshot by Connor Chatam.
8:23 of 1st period - Stopped by Jeremy Swayman with a rebound.
8:50 of 1st period - Icing by Steven Santini.
8:51 of 1st period - Denis Malgin wins face-off versus Linus Sandin in Wolfpack zone.
9:00 of 1st period - Snap shot by Linus Sandin.
9:00 of 1st period - Shot Blocked by Gavin Bayreuther.
9:20 of 1st period - Slapshot by Gavin Bayreuther.
9:20 of 1st period - Deflect By Victor Olofsson.
9:20 of 1st period - Shot Blocked by Steven Santini.
9:20 of 1st period - Puck is out of play.
9:21 of 1st period - Adam Brooks wins face-off versus Seth Griffith in Wolfpack zone.
9:32 of 1st period - Wrist shot by Victor Olofsson.
9:32 of 1st period - Shot Misses the Net.
9:34 of 1st period - Slapshot by Danny Biega.
9:34 of 1st period - Shot Blocked by David Pope.
9:36 of 1st period - Snap shot by Victor Olofsson.
9:36 of 1st period - Stopped by Mike Condon with a rebound.
10:10 of 1st period - Snap shot by Juuso Ikonen.
10:10 of 1st period - Stopped by Mike Condon without a rebound.
10:11 of 1st period - Nolan Patrick wins face-off versus Eetu Luostarinen in Wolfpack zone.
10:15 of 1st period - Off-side.
10:16 of 1st period - Evan Rodrigues wins face-off versus Seth Griffith in neutral zone.
10:32 of 1st period - Off-side.
10:33 of 1st period - Casey Mittelstadt wins face-off versus Iven Barbashev in neutral zone.
10:47 of 1st period - Snap shot by Iven Barbashev.
10:47 of 1st period - Shot Blocked by Casey Mittelstadt.
10:49 of 1st period - Snap shot by Adam Brooks.
10:49 of 1st period - Shot Blocked by Samuel Blais.
11:48 of 1st period - Wrist shot by Alexander Barabanov.
11:48 of 1st period - Stopped by Jeremy Swayman with a rebound.
12:13 of 1st period - Snap shot by Iven Barbashev.
12:13 of 1st period - Stopped by Mike Condon without a rebound.
12:14 of 1st period - Seth Griffith wins face-off versus Evan Rodrigues in Wolfpack zone.
12:41 of 1st period - Wrist shot by Juuso Ikonen.
12:41 of 1st period - Stopped by Mike Condon without a rebound.
12:42 of 1st period - Eetu Luostarinen wins face-off versus Connor Chatam in Wolfpack zone.
12:45 of 1st period - Snap shot by Juuso Ikonen.
12:45 of 1st period - Stopped by Mike Condon without a rebound.
12:46 of 1st period - Casey Mittelstadt wins face-off versus Eetu Luostarinen in Wolfpack zone.
13:24 of 1st period - Off-side.
13:25 of 1st period - Victor Olofsson wins face-off versus Nolan Patrick in neutral zone.
14:15 of 1st period - Snap shot by Steven Santini.
14:15 of 1st period - Shot Blocked by Andrew O'Brien.
14:17 of 1st period - Snap shot by Connor Chatam.
14:17 of 1st period - Shot Blocked by Andrew O'Brien.
14:19 of 1st period - Snap shot by Steven Santini.
14:19 of 1st period - Shot Misses the Net.
14:21 of 1st period - Slapshot by Derrick Pouliot.
14:21 of 1st period - Stopped by Jeremy Swayman with a rebound.
14:23 of 1st period - Slapshot by Steven Santini.
14:23 of 1st period - Deflect By Juuso Ikonen.
14:23 of 1st period - Stopped by Jeremy Swayman without a rebound.
14:24 of 1st period - Seth Griffith wins face-off versus Evan Rodrigues in Penguins zone.
14:25 of 1st period - Snap shot by David Pope.
14:25 of 1st period - Stopped by Jeremy Swayman without a rebound.
14:26 of 1st period - Seth Griffith wins face-off versus Evan Rodrigues in Penguins zone.
15:37 of 1st period - Snap shot by Alexander Barabanov.
15:37 of 1st period - Shot Blocked by Denis Malgin.
15:50 of 1st period - Minor Penalty to Seth Griffith for Roughing.
15:51 of 1st period - Connor Chatam wins face-off versus Evan Rodrigues in Wolfpack zone.
16:25 of 1st period - Snap shot by Gavin Bayreuther.
16:25 of 1st period - Shot Blocked by Derrick Pouliot.
16:27 of 1st period - Wrist shot by Victor Olofsson.
16:27 of 1st period - Stopped by Mike Condon without a rebound.
16:28 of 1st period - Nolan Patrick wins face-off versus Evan Rodrigues in Wolfpack zone.
16:47 of 1st period - David Pope is hit by Victor Olofsson and loses puck.
17:13 of 1st period - Steven Santini is hit by Matthew Tkachuk and loses puck.
17:50 of 1st period - Penalty to Seth Griffith is over, Seth Griffith is back on ice.
17:54 of 1st period - Seth Griffith is hit by Iven Barbashev and loses puck.
18:51 of 1st period - Minor Penalty to Seth Griffith for Roughing.
18:52 of 1st period - Connor Chatam wins face-off versus Matthew Tkachuk in Wolfpack zone.
19:19 of 1st period - David Pope is hit by Adam Brooks and loses puck.
Goals for this period are 0 for Wolfpack vs 0 for Penguins.
Shots for this period are 6 for Wolfpack vs 8 for Penguins.
2nd period
0:01 of 2nd period - Connor Chatam wins face-off versus Evan Rodrigues in neutral zone.
0:28 of 2nd period - Adam Brooks is hit by Steven Santini and loses puck.
0:51 of 2nd period - Penalty to Seth Griffith is over, Seth Griffith is back on ice.
0:59 of 2nd period - Snap shot by Nolan Patrick.
0:59 of 2nd period - Stopped by Jeremy Swayman with a rebound.
1:10 of 2nd period - Mikhail Sergachev is hit by Max Gortz and loses puck.
1:40 of 2nd period - Linus Sandin is hit by Adam Brooks and loses puck.
2:27 of 2nd period - Wrist shot by Sebastian Collberg.
2:27 of 2nd period - Shot Misses the Net.
2:39 of 2nd period - Snap shot by Nolan Patrick.
2:39 of 2nd period - Shot Blocked by Danny Biega.
2:45 of 2nd period - Slapshot by Gavin Bayreuther.
2:45 of 2nd period - Shot Blocked by Vince Dunn.
2:47 of 2nd period - Snap shot by Denis Malgin.
2:47 of 2nd period - Shot Misses the Net.
2:49 of 2nd period - Slapshot by Danny Biega.
2:49 of 2nd period - Shot Blocked by Owen Tippet.
2:59 of 2nd period - Andrew O'Brien is hit by Connor Chatam and loses puck.
3:04 of 2nd period - Wrist shot by Connor Chatam.
3:04 of 2nd period - Shot Misses the Net.
3:23 of 2nd period - Jake Marchment is hit by Matthew Tkachuk and loses puck.
3:38 of 2nd period - Colton White is hit by Danny Biega and loses puck.
4:01 of 2nd period - Wrist shot by Dryden Hunt.
4:01 of 2nd period - Stopped by Jeremy Swayman with a rebound.
4:49 of 2nd period - Max Gortz is hit by Alexander Barabanov and loses puck.
5:02 of 2nd period - Seth Griffith is hit by Jeff Malott and loses puck.
5:09 of 2nd period - Sam Kurker is hit by Sebastian Collberg and loses puck.
5:27 of 2nd period - Wrist shot by Dryden Hunt.
5:27 of 2nd period - Shot Misses the Net.
5:41 of 2nd period - Adam Brooks is hit by Casey Mittelstadt and loses puck.
6:36 of 2nd period - Wrist shot by Iven Barbashev.
6:36 of 2nd period - Shot Misses the Net.
7:18 of 2nd period - Matthew Tkachuk is hit by Derrick Pouliot and loses puck.
7:36 of 2nd period - Minor Penalty to Andrew O'Brien for Hooking.
7:37 of 2nd period - Seth Griffith wins face-off versus Evan Rodrigues in Penguins zone.
7:39 of 2nd period - Wrist shot by David Pope.
7:39 of 2nd period - Shot Misses the Net.
7:41 of 2nd period - Wrist shot by David Pope.
7:41 of 2nd period - Goal by David Pope - Wolfpack : 1 - Penguins : 0.
7:42 of 2nd period - Evan Rodrigues wins face-off versus Seth Griffith in neutral zone.
7:45 of 2nd period - Snap shot by Matthew Tkachuk.
7:45 of 2nd period - Stopped by Mike Condon without a rebound.
7:46 of 2nd period - Matthew Tkachuk wins face-off versus Seth Griffith in Wolfpack zone.
7:49 of 2nd period - Snap shot by Andy Andreoff.
7:49 of 2nd period - Stopped by Mike Condon with a rebound.
8:08 of 2nd period - Icing by Gavin Bayreuther.
8:09 of 2nd period - Casey Mittelstadt wins face-off versus Evan Rodrigues in Penguins zone.
8:12 of 2nd period - Snap shot by Samuel Blais.
8:12 of 2nd period - Stopped by Jeremy Swayman without a rebound.
8:13 of 2nd period - Andy Andreoff wins face-off versus Casey Mittelstadt in Penguins zone.
8:22 of 2nd period - Snap shot by Samuel Blais.
8:22 of 2nd period - Deflect By Connor Chatam.
8:22 of 2nd period - Stopped by Jeremy Swayman with a rebound.
8:24 of 2nd period - Slapshot by Steven Santini.
8:24 of 2nd period - Stopped by Jeremy Swayman with a rebound.
8:26 of 2nd period - Slapshot by Samuel Blais.
8:26 of 2nd period - Stopped by Jeremy Swayman without a rebound.
8:27 of 2nd period - Evan Rodrigues wins face-off versus Seth Griffith in Penguins zone.
8:58 of 2nd period - Snap shot by Samuel Blais.
8:58 of 2nd period - Stopped by Jeremy Swayman with a rebound.
9:00 of 2nd period - Wrist shot by Connor Chatam.
9:00 of 2nd period - Stopped by Jeremy Swayman without a rebound.
9:01 of 2nd period - Casey Mittelstadt wins face-off versus Adam Brooks in Penguins zone.
9:08 of 2nd period - Snap shot by Connor Chatam.
9:08 of 2nd period - Stopped by Jeremy Swayman without a rebound.
9:09 of 2nd period - Samuel Blais wins face-off versus Adam Brooks in Penguins zone.
9:10 of 2nd period - Snap shot by Connor Chatam.
9:10 of 2nd period - Deflect By Samuel Blais.
9:10 of 2nd period - Stopped by Jeremy Swayman with a rebound.
9:12 of 2nd period - Snap shot by Samuel Blais.
9:12 of 2nd period - Shot Blocked by Iven Barbashev.
9:14 of 2nd period - Slapshot by Vince Dunn.
9:14 of 2nd period - Stopped by Jeremy Swayman without a rebound.
9:15 of 2nd period - Evan Rodrigues wins face-off versus Seth Griffith in Penguins zone.
9:22 of 2nd period - Vince Dunn is hit by Brett Kulak and loses puck.
9:50 of 2nd period - Minor Penalty to Connor Chatam for Goalie Interference.
9:51 of 2nd period - Evan Rodrigues wins face-off versus Seth Griffith in Wolfpack zone.
9:51 of 2nd period - Snap shot by Matthew Tkachuk.
9:51 of 2nd period - Shot Misses the Net.
11:14 of 2nd period - Andrew O'Brien is hit by Dryden Hunt and loses puck.
11:50 of 2nd period - Penalty to Connor Chatam is over, Connor Chatam is back on ice.
12:23 of 2nd period - Jake Marchment is hit by Denis Malgin and loses puck.
12:36 of 2nd period - Brett Kulak is hit by Joshua Jacobs and loses puck.
13:11 of 2nd period - Nolan Patrick is hit by John Marino and loses puck.
14:47 of 2nd period - Backhand shot by Linus Sandin.
14:47 of 2nd period - Shot Misses the Net.
14:49 of 2nd period - Snap shot by Jake Marchment.
14:49 of 2nd period - Goal by Jake Marchment - Wolfpack : 2 - Penguins : 0.
14:50 of 2nd period - Seth Griffith wins face-off versus Adam Brooks in neutral zone.
14:53 of 2nd period - Slapshot by Mikhail Sergachev.
14:53 of 2nd period - Stopped by Jeremy Swayman without a rebound.
14:54 of 2nd period - Adam Brooks wins face-off versus Seth Griffith in Penguins zone.
14:54 of 2nd period - Adam Brooks is hit by Seth Griffith.
16:26 of 2nd period - Andy Andreoff is hit by Derrick Pouliot and loses puck.
16:53 of 2nd period - Snap shot by Denis Malgin.
16:53 of 2nd period - Shot Blocked by Jake Marchment.
16:55 of 2nd period - Snap shot by Sam Kurker.
16:55 of 2nd period - Deflect By Jeff Malott.
16:55 of 2nd period - Shot Misses the Net.
16:55 of 2nd period - Puck is out of play.
16:56 of 2nd period - Evan Rodrigues wins face-off versus Seth Griffith in Wolfpack zone.
17:18 of 2nd period - Minor Penalty to Samuel Blais for Roughing.
17:19 of 2nd period - Evan Rodrigues wins face-off versus Seth Griffith in Wolfpack zone.
17:20 of 2nd period - Snap shot by Matthew Tkachuk.
17:20 of 2nd period - Shot Misses the Net.
17:22 of 2nd period - Snap shot by Andy Andreoff.
17:22 of 2nd period - Stopped by Mike Condon with a rebound.
17:24 of 2nd period - Snap shot by Andy Andreoff.
17:24 of 2nd period - Shot Misses the Net.
17:28 of 2nd period - Snap shot by Matthew Tkachuk.
17:28 of 2nd period - Goal by Matthew Tkachuk - Wolfpack : 2 - Penguins : 1.
17:29 of 2nd period - Evan Rodrigues wins face-off versus David Pope in neutral zone.
17:35 of 2nd period - Off-side.
17:36 of 2nd period - Seth Griffith wins face-off versus Evan Rodrigues in neutral zone.
17:39 of 2nd period - Andrew O'Brien is hit by David Pope and loses puck.
17:48 of 2nd period - Snap shot by Seth Griffith.
17:48 of 2nd period - Shot Misses the Net.
17:50 of 2nd period - Snap shot by David Pope.
17:50 of 2nd period - Deflect By Seth Griffith.
17:50 of 2nd period - Stopped by Jeremy Swayman with a rebound.
17:52 of 2nd period - Snap shot by Seth Griffith.
17:52 of 2nd period - Stopped by Jeremy Swayman without a rebound.
17:53 of 2nd period - Adam Brooks wins face-off versus Casey Mittelstadt in Penguins zone.
18:04 of 2nd period - Slapshot by Victor Olofsson.
18:04 of 2nd period - Stopped by Mike Condon without a rebound.
18:05 of 2nd period - Seth Griffith wins face-off versus Evan Rodrigues in Wolfpack zone.
18:05 of 2nd period - Vince Dunn is hit by Andy Andreoff.
18:32 of 2nd period - Vince Dunn is hit by Iven Barbashev and loses puck.
18:55 of 2nd period - Slapshot by Derrick Pouliot.
18:55 of 2nd period - Stopped by Jeremy Swayman without a rebound.
18:56 of 2nd period - Seth Griffith wins face-off versus Eetu Luostarinen in Penguins zone.
18:59 of 2nd period - Snap shot by Seth Griffith.
18:59 of 2nd period - Shot Blocked by Danny Biega.
19:19 of 2nd period - Danny Biega is hit by Samuel Blais and loses puck.
19:47 of 2nd period - Slapshot by Colton White.
19:47 of 2nd period - Shot Misses the Net.
19:49 of 2nd period - Slapshot by Joshua Jacobs.
19:49 of 2nd period - Stopped by Jeremy Swayman with a rebound.
19:51 of 2nd period - Snap shot by Nolan Patrick.
19:51 of 2nd period - Stopped by Jeremy Swayman without a rebound.
19:52 of 2nd period - Adam Brooks wins face-off versus Seth Griffith in Penguins zone.
Goals for this period are 2 for Wolfpack vs 1 for Penguins.
Shots for this period are 19 for Wolfpack vs 5 for Penguins.
3rd period
0:01 of 3rd period - Seth Griffith wins face-off versus Andy Andreoff in neutral zone.
0:10 of 3rd period - Snap shot by David Pope.
0:10 of 3rd period - Stopped by Jeremy Swayman without a rebound.
0:11 of 3rd period - Evan Rodrigues wins face-off versus Seth Griffith in Penguins zone.
0:11 of 3rd period - Evan Rodrigues is hit by Derrick Pouliot.
0:18 of 3rd period - Icing by Andy Andreoff.
0:19 of 3rd period - Seth Griffith wins face-off versus Evan Rodrigues in Penguins zone.
0:34 of 3rd period - Snap shot by Andrew O'Brien.
0:34 of 3rd period - Stopped by Mike Condon without a rebound.
0:35 of 3rd period - Adam Brooks wins face-off versus Casey Mittelstadt in Wolfpack zone.
0:38 of 3rd period - Snap shot by Victor Olofsson.
0:38 of 3rd period - Shot Misses the Net.
0:40 of 3rd period - Minor Penalty to Samuel Blais for Holding.
0:41 of 3rd period - Matthew Tkachuk wins face-off versus Seth Griffith in Wolfpack zone.
1:15 of 3rd period - Snap shot by Victor Olofsson.
1:15 of 3rd period - Shot Misses the Net.
1:17 of 3rd period - Slapshot by Brett Kulak.
1:17 of 3rd period - Goal by Brett Kulak - Wolfpack : 2 - Penguins : 2.
1:18 of 3rd period - Evan Rodrigues wins face-off versus Seth Griffith in neutral zone.
1:32 of 3rd period - Off-side.
1:33 of 3rd period - Victor Olofsson wins face-off versus Casey Mittelstadt in neutral zone.
1:46 of 3rd period - Slapshot by Derrick Pouliot.
1:46 of 3rd period - Deflect By Brett Kulak.
1:46 of 3rd period - Stopped by Jeremy Swayman without a rebound.
1:47 of 3rd period - Seth Griffith wins face-off versus Evan Rodrigues in Penguins zone.
1:57 of 3rd period - Minor Penalty to Seth Griffith for Hooking.
1:58 of 3rd period - Andy Andreoff wins face-off versus Connor Chatam in Wolfpack zone.
2:13 of 3rd period - Wrist shot by Evan Rodrigues.
2:13 of 3rd period - Shot Misses the Net.
2:25 of 3rd period - Andrew O'Brien is hit by Derrick Pouliot and loses puck.
2:36 of 3rd period - David Pope is hit by Andy Andreoff and loses puck.
3:37 of 3rd period - Gavin Bayreuther is hit by Samuel Blais.
3:57 of 3rd period - Penalty to Seth Griffith is over, Seth Griffith is back on ice.
4:35 of 3rd period - Icing by Andrew O'Brien.
4:36 of 3rd period - Denis Malgin wins face-off versus Casey Mittelstadt in Penguins zone.
4:36 of 3rd period - Brett Kulak is hit by Casey Mittelstadt and loses puck.
4:44 of 3rd period - Minor Penalty to Sam Kurker for Hooking.
4:45 of 3rd period - Evan Rodrigues wins face-off versus Seth Griffith in Penguins zone.
4:55 of 3rd period - Sebastian Collberg is hit by Evan Rodrigues and loses puck.
5:29 of 3rd period - Off-side.
5:30 of 3rd period - Adam Brooks wins face-off versus Sebastian Collberg in neutral zone.
6:44 of 3rd period - Penalty to Sam Kurker is over, Sam Kurker is back on ice.
6:52 of 3rd period - Andrew O'Brien is hit by Nolan Patrick.
7:01 of 3rd period - Nolan Patrick is hit by Denis Malgin and loses puck.
7:34 of 3rd period - Snap shot by Iven Barbashev.
7:34 of 3rd period - Shot Misses the Net.
7:36 of 3rd period - Backhand shot by Iven Barbashev.
7:36 of 3rd period - Stopped by Mike Condon without a rebound.
7:37 of 3rd period - Casey Mittelstadt wins face-off versus Evan Rodrigues in Wolfpack zone.
8:14 of 3rd period - Max Gortz is hit by Seth Griffith and loses puck.
8:27 of 3rd period - Slapshot by Gavin Bayreuther.
8:27 of 3rd period - Stopped by Mike Condon with a rebound.
8:29 of 3rd period - Snap shot by Iven Barbashev.
8:29 of 3rd period - Shot Blocked by Colton White.
8:33 of 3rd period - Snap shot by Iven Barbashev.
8:33 of 3rd period - Stopped by Mike Condon without a rebound.
8:34 of 3rd period - Casey Mittelstadt wins face-off versus Adam Brooks in Wolfpack zone.
8:34 of 3rd period - Casey Mittelstadt is hit by Adam Brooks.
9:08 of 3rd period - Slapshot by David Pope.
9:08 of 3rd period - Deflect By Sebastian Collberg.
9:08 of 3rd period - Stopped by Jeremy Swayman without a rebound.
9:09 of 3rd period - Seth Griffith wins face-off versus Evan Rodrigues in Penguins zone.
9:12 of 3rd period - Slapshot by Seth Griffith.
9:12 of 3rd period - Stopped by Jeremy Swayman with a rebound.
9:18 of 3rd period - David Pope is hit by Matthew Tkachuk and loses puck.
9:56 of 3rd period - Snap shot by Nolan Patrick.
9:56 of 3rd period - Stopped by Jeremy Swayman with a rebound.
10:24 of 3rd period - Off-side.
10:25 of 3rd period - Evan Rodrigues wins face-off versus Seth Griffith in neutral zone.
10:28 of 3rd period - Snap shot by Matthew Tkachuk.
10:28 of 3rd period - Stopped by Mike Condon without a rebound.
10:29 of 3rd period - Evan Rodrigues wins face-off versus Seth Griffith in Wolfpack zone.
10:38 of 3rd period - Wrist shot by Sebastian Collberg.
10:38 of 3rd period - Stopped by Jeremy Swayman with a rebound.
10:54 of 3rd period - Evan Rodrigues is hit by Nolan Patrick and loses puck.
11:21 of 3rd period - Snap shot by Jake Marchment.
11:21 of 3rd period - Goal by Jake Marchment - Wolfpack : 3 - Penguins : 2.
11:22 of 3rd period - Adam Brooks wins face-off versus Seth Griffith in neutral zone.
11:47 of 3rd period - Samuel Blais is hit by Max Gortz and loses puck.
12:19 of 3rd period - Snap shot by Nolan Patrick.
12:19 of 3rd period - Stopped by Jeremy Swayman without a rebound.
12:20 of 3rd period - David Pope wins face-off versus Evan Rodrigues in Penguins zone.
12:43 of 3rd period - Minor Penalty to Evan Rodrigues for Tripping.
12:44 of 3rd period - Sebastian Collberg wins face-off versus Iven Barbashev in Penguins zone.
13:01 of 3rd period - Minor Penalty to Seth Griffith for Tripping.
13:02 of 3rd period - Iven Barbashev wins face-off versus Connor Chatam in Wolfpack zone.
13:11 of 3rd period - Wrist shot by Andy Andreoff.
13:11 of 3rd period - Stopped by Mike Condon with a rebound.
13:27 of 3rd period - Steven Santini is hit by Andy Andreoff and loses puck.
13:52 of 3rd period - Derrick Pouliot is hit by Sam Kurker and loses puck.
14:43 of 3rd period - Penalty to Evan Rodrigues is over, Evan Rodrigues is back on ice.
14:44 of 3rd period - Slapshot by Evan Rodrigues.
14:44 of 3rd period - Stopped by Mike Condon without a rebound.
14:45 of 3rd period - Evan Rodrigues wins face-off versus Nolan Patrick in Wolfpack zone.
15:01 of 3rd period - Penalty to Seth Griffith is over, Seth Griffith is back on ice.
15:08 of 3rd period - David Pope is hit by Danny Biega and loses puck.
15:27 of 3rd period - Snap shot by Denis Malgin.
15:27 of 3rd period - Deflect By Sam Kurker.
15:27 of 3rd period - Shot Misses the Net.
15:27 of 3rd period - Puck is out of play.
15:28 of 3rd period - Max Gortz wins face-off versus Jake Marchment in Wolfpack zone.
15:29 of 3rd period - Wrist shot by Juuso Ikonen.
15:29 of 3rd period - Goal by Juuso Ikonen - Wolfpack : 3 - Penguins : 3.
15:30 of 3rd period - Nolan Patrick wins face-off versus Evan Rodrigues in neutral zone.
15:33 of 3rd period - Slapshot by Mikhail Sergachev.
15:33 of 3rd period - Deflect By Dryden Hunt.
15:33 of 3rd period - Shot Misses the Net.
15:33 of 3rd period - Puck is out of play.
15:34 of 3rd period - Nolan Patrick wins face-off versus Evan Rodrigues in Penguins zone.
15:35 of 3rd period - Backhand shot by Dryden Hunt.
15:35 of 3rd period - Shot Misses the Net.
15:37 of 3rd period - Slapshot by Mikhail Sergachev.
15:37 of 3rd period - Shot Misses the Net.
16:31 of 3rd period - Wrist shot by Sebastian Collberg.
16:31 of 3rd period - Stopped by Jeremy Swayman with a rebound.
16:41 of 3rd period - Slapshot by Sebastian Collberg.
16:41 of 3rd period - Stopped by Jeremy Swayman without a rebound.
16:42 of 3rd period - Eetu Luostarinen wins face-off versus Nolan Patrick in Penguins zone.
17:37 of 3rd period - Icing by Derrick Pouliot.
17:38 of 3rd period - Jake Marchment wins face-off versus Adam Brooks in Wolfpack zone.
17:44 of 3rd period - Off-side.
17:45 of 3rd period - Max Gortz wins face-off versus Nolan Patrick in neutral zone.
17:48 of 3rd period - Slapshot by Juuso Ikonen.
17:48 of 3rd period - Stopped by Mike Condon without a rebound.
17:49 of 3rd period - Eetu Luostarinen wins face-off versus Nolan Patrick in Wolfpack zone.
17:52 of 3rd period - Slapshot by Brett Kulak.
17:52 of 3rd period - Shot Misses the Net.
18:02 of 3rd period - Wrist shot by Nolan Patrick.
18:02 of 3rd period - Stopped by Jeremy Swayman with a rebound.
18:14 of 3rd period - Snap shot by Samuel Blais.
18:14 of 3rd period - Shot Misses the Net.
18:16 of 3rd period - Wrist shot by Connor Chatam.
18:16 of 3rd period - Stopped by Jeremy Swayman without a rebound.
18:17 of 3rd period - Casey Mittelstadt wins face-off versus Matthew Tkachuk in Penguins zone.
18:25 of 3rd period - Off-side.
18:26 of 3rd period - Evan Rodrigues wins face-off versus Dryden Hunt in neutral zone.
18:28 of 3rd period - Off-side.
18:29 of 3rd period - Nolan Patrick wins face-off versus Eetu Luostarinen in neutral zone.
19:42 of 3rd period - Penalty Shot by Iven Barbashev for Penguins.
19:42 of 3rd period - Wrist shot by Iven Barbashev.
19:42 of 3rd period - Stopped by Mike Condon.
19:43 of 3rd period - Seth Griffith wins face-off versus Evan Rodrigues in Penguins zone.
19:59 of 3rd period - Minor Penalty to Matthew Tkachuk for Diving.
Goals for this period are 1 for Wolfpack vs 2 for Penguins.
Shots for this period are 12 for Wolfpack vs 10 for Penguins.
Goals for this period are 1 for Wolfpack vs 2 for Penguins.
Shots for this period are 12 for Wolfpack vs 10 for Penguins.
Overtime #1
0:01 of 1st overtime period - Seth Griffith wins face-off versus Evan Rodrigues in neutral zone.
0:32 of 1st overtime period - Snap shot by Samuel Blais.
0:32 of 1st overtime period - Stopped by Jeremy Swayman with a rebound.
1:23 of 1st overtime period - Mikhail Sergachev is hit by Eetu Luostarinen and loses puck.
1:52 of 1st overtime period - Casey Mittelstadt is hit by Iven Barbashev and loses puck.
1:59 of 1st overtime period - Penalty to Matthew Tkachuk is over, Matthew Tkachuk is back on ice.
4:09 of 1st overtime period - Colton White is hit by Eetu Luostarinen and loses puck.
4:20 of 1st overtime period - Denis Malgin is hit by Connor Chatam.
5:52 of 1st overtime period - Snap shot by Linus Sandin.
5:52 of 1st overtime period - Shot Blocked by Brett Kulak.
6:06 of 1st overtime period - Jeff Malott is hit by Casey Mittelstadt and loses puck.
6:19 of 1st overtime period - Steven Santini is hit by Eetu Luostarinen.
6:38 of 1st overtime period - Icing by Colton White.
6:39 of 1st overtime period - Nolan Patrick wins face-off versus Evan Rodrigues in Wolfpack zone.
6:39 of 1st overtime period - Nolan Patrick is hit by Gavin Bayreuther.
7:28 of 1st overtime period - Slapshot by Denis Malgin.
7:28 of 1st overtime period - Stopped by Mike Condon with a rebound.
7:30 of 1st overtime period - Snap shot by Denis Malgin.
7:30 of 1st overtime period - Stopped by Mike Condon without a rebound.
7:31 of 1st overtime period - Denis Malgin wins face-off versus Casey Mittelstadt in Wolfpack zone.
7:32 of 1st overtime period - Wrist shot by Sam Kurker.
7:32 of 1st overtime period - Shot Misses the Net.
8:04 of 1st overtime period - Slapshot by John Marino.
8:04 of 1st overtime period - Shot Hit the Post.
8:06 of 1st overtime period - Snap shot by Andy Andreoff.
8:06 of 1st overtime period - Goal by Andy Andreoff - Wolfpack : 3 - Penguins : 4.
Goals for this period are 0 for Wolfpack vs 1 for Penguins.
Shots for this period are 1 for Wolfpack vs 3 for Penguins.